 Dungeon Crawl Stone Soup version 0.30-a0-782-ge64f9170bb (webtiles) character file.

Game seed: 3593885206747610511

17315 theswoord the Grappler (level 12, 0/189 (192) HPs)
             Began as a Troll Monk on Feb 22, 2023.
             Was a High Priest of Okawaru.
             Engulfed by a death drake's foul pestilence (6 damage)
             ... in a Gauntlet.
             The game lasted 00:13:37 (7906 turns).

theswoord the Grappler (Troll Monk)                 Turns: 7906, Time: 00:13:38

HP:   0/189 (192)   AC: 16    Str: 26    XL:     12   Next: 17%
MP:   11/11         EV:  5    Int: 11    God:    Okawaru [*****.]
Gold: 874           SH: 15    Dex: 12    Spells: 11/11 levels left

rFire   . . .      SeeInvis +      - Unarmed
rCold   . . .      Faith    .    u - +3 tower shield of Okawaru's Envy {Int+5 Stlth+}
rNeg    . . .      Spirit   .    l - +1 shadow dragon scales of Patience {+Inv Fly Slay+3 SInv Stlth++++}
rPois   .          Reflect  .    (helmet restricted)
rElec   .          Harm     .    (no cloak)
rCorr   .          Rampage  .    (gloves unavailable)
Will    .....      NoTele   +    (boots unavailable) Stlth
                                 (no amulet)
HPRegen 1.31/turn                d - ring of see invisible
MPRegen 0.12/turn                e - +4 ring of slaying

@: berserking, lethally poisoned (0 -> -108), flying, slowed, lightly drained
A: large, unfitting armour, claws 3, regeneration 1, shaggy fur 1, tough skin 1
a: Renounce Religion, Evoke Invisibility, Heroism, Finesse, Duel


You were in a Gauntlet.
You worshipped Okawaru.
Okawaru was extremely pleased with you.
You visited 3 branches of the dungeon, and saw 12 of its levels.
You also visited: Ossuary, Bailey and Gauntlet.

You collected 874 gold pieces.

Inventory:

Hand Weapons
 o - a +2 whip of draining
 E - a +3 scimitar of flaming
Armour
 a - a +1 robe
 l - the +1 shadow dragon scales of Patience (worn) {+Inv Fly Slay+3 SInv Stlth++++}
   (You acquired it in an ossuary)

   Slay:      It affects your accuracy & damage with ranged weapons and melee
   (+3).
   SInv:      It lets you see invisible.
   +Inv:      It lets you turn invisible.
   Fly:       It grants you flight.
   Stlth:     It makes you much more stealthy.
 u - the +3 tower shield of Okawaru's Envy (worn) {Int+5 Stlth+}
   (Okawaru gifted it to you on level 9 of the Dungeon)

   Int:       It affects your intelligence (+5).
   Stlth:     It makes you more stealthy.
Jewellery
 d - a ring of see invisible (left claw)
 e - a +4 ring of slaying (right claw)
 C - a ring of flight
 G - a ring of positive energy
Wands
 t - a wand of digging (4)
 y - a wand of paralysis (9)
 D - a wand of iceblast (7)
Scrolls
 q - a scroll of poison
 s - a scroll of butterflies
 v - 2 scrolls of teleportation
 w - 2 scrolls of enchant armour
 x - 4 scrolls of fear
 F - a scroll of identify
 H - 3 scrolls of amnesia
 I - a scroll of silence {unknown}
 J - 2 scrolls of torment {unknown}
Potions
 b - 2 potions of ambrosia
 c - 2 potions of lignification
 f - 5 potions of curing
 g - 2 potions of degeneration
 h - 4 potions of mutation
 i - 2 potions of attraction
 j - 2 potions of berserk rage
 k - 4 potions of haste
 m - a potion of flight
 n - 2 potions of brilliance
 p - 4 potions of resistance
 r - 4 potions of heal wounds
 z - 2 potions of magic {unknown}
 A - a potion of might {unknown}
 B - 3 potions of cancellation


   Skills:
 + Level 10.7 Fighting
 + Level 5.2 Armour
 + Level 6.0 Dodging
 - Level 1.0 Stealth
 + Level 4.0 Shields
 + Level 12.7 Unarmed Combat


You had 11 spell levels left.
You didn't know any spells.
Your spell library was empty.

Dungeon Overview and Level Annotations

Branches:
Dungeon (10/15)            Temple (1/1) D:7            Lair (1/5) D:8
    Orc (0/2) D:9         Ossuary (visited)          Bailey (visited)
Gauntlet (1/1)

Altars:
Ashenzari
Elyvilon
Fedhas
Nemelex Xobeh
Okawaru
Qazlal
Trog
Uskayaw
Vehumet
Wu Jian
Xom
Yredelemnul
Zin
The Shining One

Shops:
D:2 *

Annotations:
Gauntlet 11 transporters, exclusion: orange crystal statue


Innate Abilities, Weirdness & Mutations

You are too large for most types of armour.
You have claws for hands.
Your natural rate of healing is unusually fast.
You are covered in fur. (AC +1)
You have tough skin. (AC +1)


Message History

* * * LOW HITPOINT WARNING * * *
The wolf spider zombie bites you.
* * * LOW HITPOINT WARNING * * *
Your life force feels restored.
Your Dodging skill increases to level 6!
Your Shields skill increases to level 4!
You closely miss the death drake.
You are engulfed in dark miasma.
You are more poisoned.
You feel extremely sick.
The spectral centaur warrior hits you but does no damage.
You block the spectral centaur warrior's attack.
The death drake barely misses you.
The wolf spider zombie barely misses you.
The wolf spider zombie bites you.
* * * LOW HITPOINT WARNING * * *
You block the spectral centaur warrior's attack.
The spectral centaur warrior barely misses you.
You claw the death drake!
You are engulfed in dark miasma.
You are lethally poisoned!
* * * LOW HITPOINT WARNING * * *
x2 You feel extremely sick.
The death drake breathes miasma at you. The foul vapour engulfs you!
You are more poisoned.
You feel as though you will be slow longer.
* * * LOW HITPOINT WARNING * * *
The wolf spider zombie hits you.
* * * LOW HITPOINT WARNING * * *
You block the wolf spider zombie's attack.
The spectral centaur warrior hits you.
* * * LOW HITPOINT WARNING * * *
You feel drained.
You block the spectral centaur warrior's attack.
The death drake breathes miasma at you. The foul vapour engulfs you!
You are more poisoned.
* * * LOW HITPOINT WARNING * * *
You claw the death drake!
You are engulfed in dark miasma.
You are more poisoned.
You die...

#≈...###########...........
##.....................8...
##§8.....8.....8..........
#§§..............#########
##§..#########...#J.......
#≈...#.....###...#........
##...#.##°########........
#≈...#.##°°°?#...#........
##.8©#.#°@Z#©#©8©#....©...
#≈...#..kZ##.#...#........
##...####°##Z#####........
#≈...###....k#...#........
##...#########...#........
#≈...............#########
##.8.....8.....8..........
#≈...§.....§..........8...
##≈#≈#§#≈#≈#≈#≈#..........


You could see a death drake (catching breath), a spectral centaur warrior and a
wolf spider zombie.

Vanquished Creatures
  2 vault guards (Bailey)
  Erica (D:10)
  A boulder beetle (Lair:1)
  3 two-headed ogres
  A wolf spider zombie (Gauntlet)
  Joseph (D:10)
  A komodo dragon (Lair:1)
  A burning bush (Lair:1)
  A troll (D:9)
  Grinder (D:5)
  Prince Ribbit (Bailey)
  A hornet (D:9)
  7 dream sheep (D:10)
  A wraith (D:7)
  3 wyverns (D:8)
  2 shadows (D:10)
  6 humans (Bailey)
  16 yaks
  3 steam dragons
  6 water moccasins
  3 sky beasts (D:9)
  An ice beast (D:5)
  6 orc warriors
  3 ogres
  5 wolves (Lair:1)
  4 centaurs
  2 phantoms
  2 kobold brigands (D:9)
  17 bullfrogs
  3 scorpions
  A necrophage (D:4)
  4 wights (D:9)
  4 killer bees (D:10)
  An electric eel (D:6)
  3 howler monkeys
  4 crimson imps (D:8)
  A bullfrog zombie (D:6)
  3 hounds (D:5)
  2 orc priests
  A gnoll bouda (D:5)
  Terence (D:3)
  5 iguanas
  10 orc wizards
  A killer bee zombie (D:6)
  A mummy (Ossuary)
  5 gnolls
  5 adders
  A white imp (D:3)
  2 worms
  3 dart slugs
  45 orcs
  2 ball pythons
  3 bats
  4 endoplasms
  5 giant cockroaches
  12 gnoll zombies (Ossuary)
  5 hobgoblins
  2 jackals (D:4)
  5 kobolds
  2 quokkas
  3 bat simulacra (Ossuary)
  10 goblins
  3 goblin simulacra (Ossuary)
  4 goblin zombies (Ossuary)
  6 hobgoblin zombies (Ossuary)
  A kobold simulacrum (Ossuary)
  3 kobold zombies (Ossuary)
  5 orc zombies (Ossuary)
  3 rats
  6 rat simulacra (Ossuary)
  2 spectral goblins (Ossuary)
  3 spectral kobolds (Ossuary)
  A spectral rat (Ossuary)
298 creatures vanquished.

Vanquished Creatures (others)
  2 orcs (D:9)
  3 fungi
  34 plants
39 creatures vanquished.

Grand Total: 337 creatures vanquished

Notes
Turn   | Place    | Note
-------+----------+-------------------------------------------
     0 | D:1      | theswoord the Troll Monk began the quest for the Orb.
     0 | D:1      | Reached XP level 1. HP: 22/22 MP: 0/0
   199 | D:1      | Reached XP level 2. HP: 29/29 MP: 1/1
   675 | D:2      | Found Yrot's General Store.
   716 | D:2      | Reached XP level 3. HP: 37/37 MP: 2/2
   746 | D:2      | Identified the +8 hand axe of Analysis {flame, rC+ Int+3}
   758 | D:2      | Found a faded altar of an unknown god.
  1002 | D:2      | Reached skill level 4 in Unarmed Combat
  1225 | D:3      | Reached XP level 4. HP: 45/45 MP: 3/3
  1313 | D:3      | Noticed Terence
  1326 | D:3      | Killed Terence
  1664 | D:4      | Noticed a necrophage
  1665 | D:4      | Noticed a water moccasin
  1673 | D:4      | Killed a necrophage
  1674 | D:4      | Reached XP level 5. HP: 16/54 MP: 4/4
  1679 | D:4      | Killed a water moccasin
  1680 | D:4      | Reached skill level 5 in Unarmed Combat
  1680 | D:4      | Reached XP level 6. HP: 22/63 MP: 5/5
  1889 | D:4      | You fall into a shaft and drop 3 floors!
  1938 | D:7      | Found a sand-covered staircase.
  1943 | Ossuary  | Entered an ossuary
  2261 | Ossuary  | Identified a scroll of acquirement
  2261 | Ossuary  | Acquired the +1 shadow dragon scales of Patience {+Inv Fly
                  | Slay+3 SInv Stlth++++}
  2385 | D:6      | Reached skill level 5 in Fighting
  2385 | D:6      | Reached skill level 6 in Unarmed Combat
  2385 | D:6      | Reached XP level 7. HP: 72/72 MP: 6/6
  2414 | D:6      | Found a stormy altar of Qazlal.
  2426 | D:6      | Identified the +3 shortbow "Caxuucem" {freeze, Str+5}
  2595 | D:5      | Entered Level 5 of the Dungeon
  2716 | D:5      | Noticed Grinder
  2725 | D:5      | Reached skill level 7 in Unarmed Combat
  2733 | D:5      | Killed Grinder
  2734 | D:5      | Reached XP level 8. HP: 49/83 MP: 7/7
  2889 | D:5      | Noticed a +0 falchion
  2890 | D:5      | Noticed a +0 short sword
  2890 | D:5      | Noticed a +0 short sword
  2895 | D:5      | Noticed a +0 dagger
  2896 | D:5      | Noticed a +0 falchion
  2896 | D:5      | Noticed a +0 dagger
  2896 | D:5      | Noticed a +0 spear
  2896 | D:5      | Noticed a +0 spear
  3036 | D:5      | Reached skill level 8 in Unarmed Combat
  3302 | D:5      | Found a hide-covered altar of Uskayaw.
  3415 | D:6      | Found a basalt altar of Yredelemnul.
  3484 | D:6      | Found an ornate altar of the Wu Jian Council.
  3921 | D:7      | Found a staircase to the Ecumenical Temple.
  3937 | Temple   | Entered the Ecumenical Temple
  3983 | Temple   | Became a worshipper of Warmaster Okawaru
  3983 | Temple   | Reached * piety under Okawaru
  3983 | Temple   | Reached ** piety under Okawaru
  4305 | D:7      | Reached XP level 9. HP: 82/93 MP: 8/8
  4309 | D:7      | Reached skill level 9 in Unarmed Combat
  4682 | D:8      | Reached *** piety under Okawaru
  4683 | D:8      | Reached skill level 10 in Unarmed Combat
  4762 | D:8      | Found a staircase to the Lair.
  4807 | D:8      | Reached **** piety under Okawaru
  4808 | D:8      | Reached XP level 10. HP: 107/107 MP: 9/9
  4864 | D:8      | Found a shimmering altar of Xom.
  4967 | D:8      | Found a white marble altar of Elyvilon.
  5245 | D:9      | Found a flagged portal.
  5251 | Bailey   | Entered a bailey
  5268 | Bailey   | Reached skill level 11 in Unarmed Combat
  5333 | Bailey   | Reached skill level 1 in Armour
  5392 | Bailey   | Noticed a vault guard
  5401 | Bailey   | Killed a vault guard
  5401 | Bailey   | Reached ***** piety under Okawaru
  5449 | Bailey   | Noticed a vault guard
  5449 | Bailey   | Noticed Prince Ribbit
  5456 | Bailey   | Killed Prince Ribbit
  5462 | Bailey   | Killed a vault guard
  5616 | D:9      | Reached XP level 11. HP: 62/117 MP: 10/10
  5684 | D:9      | Found a staircase to the Orcish Mines.
  5719 | D:9      | Noticed a two-headed ogre
  5727 | D:9      | Killed a two-headed ogre
  5727 | D:9      | Identified the +3 tower shield of Okawaru's Envy {Int+5
                  | Stlth+} (Okawaru gifted it to you on level 9 of the
                  | Dungeon)
  5727 | D:9      | Received a gift from Okawaru
  5729 | D:9      | Reached skill level 10 in Fighting
  5946 | D:9      | Found a radiant altar of Vehumet.
  6033 | D:9      | Noticed a two-headed ogre
  6051 | D:9      | Killed a two-headed ogre
  6092 | D:9      | Reached skill level 1 in Shields
  6099 | D:9      | Reached skill level 12 in Unarmed Combat
  6228 | D:9      | Found a bloodstained altar of Trog.
  6436 | D:10     | Entered Level 10 of the Dungeon
  6513 | D:10     | Noticed Joseph
  6519 | D:10     | Killed Joseph
  6542 | D:10     | Found a glowing golden altar of the Shining One.
  6554 | D:10     | Found a broken altar of Ashenzari.
  6634 | D:10     | Reached skill level 5 in Dodging
  6681 | D:10     | Found the +5 robe of Night {Dark Will+ SInv}
  6852 | D:10     | Noticed Erica
  6864 | D:10     | Killed Erica
  6968 | D:10     | Found a sparkling altar of Nemelex Xobeh.
  7148 | D:10     | Noticed a two-headed ogre
  7155 | D:10     | Killed a two-headed ogre
  7309 | Lair:1   | Entered Level 1 of the Lair of Beasts
  7309 | Lair:1   | Noticed a boulder beetle
  7319 | Lair:1   | Killed a boulder beetle
  7471 | Lair:1   | Received a gift from Okawaru
  7481 | Lair:1   | Reached skill level 5 in Armour
  7481 | Lair:1   | Reached XP level 12. HP: 128/128 MP: 11/11
  7697 | Lair:1   | Found a gate leading to a gauntlet.
  7707 | Gauntlet | Entered a Gauntlet
  7707 | Gauntlet | Found a transporter.
  7716 | Gauntlet | Found a transporter.
  7737 | Gauntlet | Found a transporter.
  7737 | Gauntlet | Found a transporter.
  7747 | Gauntlet | Noticed a quicksilver ooze
  7758 | Gauntlet | Found a transporter.
  7771 | Gauntlet | Found a transporter.
  7771 | Gauntlet | Noticed a green death
  7784 | Gauntlet | Found a transporter.
  7804 | Gauntlet | Noticed a ghost crab
  7813 | Gauntlet | Found a transporter.
  7813 | Gauntlet | Found a transporter.
  7820 | Gauntlet | Found a transporter.
  7846 | Gauntlet | Found a transporter.
  7846 | Gauntlet | Found a transporter.
  7905 | Gauntlet | HP: 6/189 [death drake/foul vapour (9)]
  7906 | Gauntlet | Engulfed by a death drake's foul pestilence

Skill      XL: |  1  2  3  4  5  6  7  8  9 10 11 12 |
---------------+-------------------------------------+-----
Fighting       | 3 4 5 6 7 9 10 | 10.7
Unarmed Combat | 4 5 6 7 8 10 11 12 | 12.7
Armour         | 3 5 |  5.2
Dodging        | 4 5 6 |  6.0
Shields        | 3 4 |  4.0
Stealth        | |  1.0

Action                     |  1- 3 |  4- 6 |  7- 9 | 10-12 || total
---------------------------+-------+-------+-------+-------++-------
  Melee: Unarmed           |   108 |   158 |   157 |   349 ||   772
         Punch             |     1 |     4 |    13 |    10 ||    28
 Invoke: Heroism           |       |       |     1 |       ||     1
    Use: Scroll            |     1 |    12 |     4 |     9 ||    26
         Potion            |       |     2 |       |     1 ||     3
   Stab: Sleeping          |     5 |     5 |     5 |     7 ||    22
         Distracted        |       |     1 |       |       ||     1
 Armour: Robe              |    36 |    47 |       |       ||    83
         Shadow dragon sca |       |    17 |    98 |   182 ||   297
  Dodge: Dodged            |    45 |    57 |    42 |    76 ||   220
  Block: Tower shield      |       |       |       |   133 ||   133

Levels and vault maps discovered:
D:1:      wander_arrival_peaceful_grave, layout_loops_ring,
          corexii_leaking_fountain
D:2:      layout_loops_cross, chequers_ecumenical_altar_simple_redux,
          serial_shops, shop
D:3:      layout_rooms, hex_tiny, nrook_mini_vaults, uniq_terence
D:4:      cheibrodos_barr_body, layout_basic, ebering_ghost_inner_flame
D:5:      layout_loops_ring, nicolae_uskayaw_en_pointe,
          chequers_serial_rivers_small_b, uniq_grinder
D:6:      layout_cave_pools, nicolae_wu_jian_wuxing_cycle,
          mainiacjoe_overflow_alcove_2, lemuel_zombie_altar_yredelemnul,
          roderic_lattice_a, kennysheep_donut, minmay_misc_feat_doors,
          grunt_ministairs_1, serial_bayou_ford_a
D:7:      layout_loops_ring, minmay_temple_entry_overgrown,
          lightli_ossuary_entry_decrepit_ruins, minmay_small_thing
D:8:      layout_rooms, led_xom_imps, elyvilon_altar_1, minmay_lair_entry_grove
D:9:      layout_loops_ring, kennysheep_mini, trog_antimagical, david_orc_2,
          enter_bailey_4, serial_bayou_lagoon_a, hangedman_misty_isle
D:10:     layout_roguey, nemelex_altar_shiori, amethyst_overflow_temple_binary,
          hellmonk_guarded_unrand_night, uniq_erica, uniq_joseph
Temple:   minmay_temple_curvy_loop
Lair:1:   layout_regular_city, gauntlet_entry_generic, evilmike_ambush
          [evilmike_ambush_outer_basic, evilmike_ambush_inner_wall_1],
          grunt_megastairs_3
Gauntlet: minmay_gauntlet_mixed_oops_all_seconds [minmay_gauntlet_arena_77_fan,
          nicolae_gauntlet_arena_quarters, minmay_gauntlet_arena_77_p_blocks,
          gammafunk_gauntlet_arena_teeth, minmay_gauntlet_arena_77_mess,
          gammafunk_gauntlet_arena_open, nicolae_gauntlet_exit_dead_adventurers]
